 Dungeon Crawl Stone Soup version bcrawl-1.27.1b (webtiles) character file.

Game seed: 4655309282767659194

188297 pasperui the Ducker (level 5, -7/47 HPs)
             Began as a Gnoll Reaver on July 23, 2020.
             Was a Believer of Vehumet.
             Mangled by a worm (9 damage)
             ... on level 3 of the Dungeon.
             The game lasted 00:04:22 (1289 turns).

pasperui the Ducker (Gnoll Reaver)                  Turns: 1289, Time: 00:04:22

Health: -7/47      AC:  7    Str: 14    XL:     5   Next: 0%
Magic:  12/12      EV: 17    Int: 17    God:    Vehumet [**....]
Gold:   82         SH:  2    Dex: 19    Spells: 13/14 levels left

rFire    . . .     SeeInvis .   a - +0 long sword
rCold    . . .     Gourm    .   (no shield)
rNeg     . . .     Faith    .   b - +0 steam dragon scales
rPois    .         Spirit   .   (no helmet)
rElec    .         Reflect  .   h - +0 cloak
rCorr    .         Harm     .   (no gloves)
MR       .....                  i - +0 pair of boots
Stlth    ++........             (no amulet)
HPRegen  0.15/turn              s - +6 ring of dexterity
MPRegen  0.13/turn              (no ring)

@: no status effects
A: distributed training, fangs 1, strong nose
a: Renounce Religion


You were on level 3 of the Dungeon.
You worshipped Vehumet.
Vehumet was pleased with you.
You were not hungry.

You visited 1 branch of the dungeon, and saw 3 of its levels.

You collected 82 gold pieces.

Inventory:

Hand Weapons
 a - a +0 long sword (weapon)
Missiles
 c - 75 poisoned tomahawks
 j - 214 bolts
 m - 522 stones (quivered)
Armour
 b - +0 steam dragon scales (worn)
 h - a +0 cloak (worn)
 i - a +0 pair of boots (worn)
Jewellery
 s - a +6 ring of dexterity (left hand)
Scrolls
 d - a scroll of immolation
 k - 2 scrolls of identify
 l - a scroll of remove curse {unknown}
 n - a scroll of fear {unknown}
 o - a scroll of enchant armour {unknown}
 p - a scroll of amnesia {unknown}
 q - a scroll of fog {unknown}
 r - 2 scrolls of teleportation {unknown}
Potions
 f - a potion of invisibility
 g - a potion of curing {unknown}
 u - a potion of flight {unknown}
Comestibles
 e - 3 rations {!d}
 t - 9 chunks of flesh


   Skills:
 + Level 6.6 Fighting
 + Level 1.2 Short Blades
 + Level 6.6 Long Blades
 + Level 1.2 Axes
 + Level 1.2 Maces & Flails
 + Level 1.2 Polearms
 + Level 1.2 Staves
 + Level 1.2 Slings
 + Level 1.2 Bows
 + Level 1.2 Crossbows
 + Level 1.2 Throwing
 + Level 1.2 Armour
 + Level 6.6 Dodging
 + Level 1.2 Stealth
 + Level 1.2 Shields
 + Level 1.2 Unarmed Combat
 + Level 5.1 Spellcasting
 + Level 1.0 Conjurations
 + Level 1.0 Hexes
 + Level 1.0 Charms
 + Level 1.0 Summonings
 + Level 1.0 Necromancy
 + Level 1.0 Translocations
 + Level 1.0 Transmutations
 + Level 1.0 Fire Magic
 + Level 1.0 Ice Magic
 + Level 1.0 Air Magic
 + Level 1.0 Earth Magic
 + Level 1.0 Poison Magic
 + Level 1.4 Invocations
 + Level 1.2 Evocations


You had 13 spell levels left.
You knew the following spells:

 Your Spells              Type           Power        Failure   Level  Hunger
a - Shock                 Conj/Air       #....        2%          1    None

Your spell library contained the following spells:

 Spells                   Type           Power        Failure   Level  Hunger
 Iskenderun's Battlesphe  Conj/Chrm      #.......     52%         5    ######.


Dungeon Overview and Level Annotations

Branches:
Dungeon (3/12)

Altars:


Innate Abilities, Weirdness & Mutations

Your experience applies equally to all skills.
You have very sharp teeth.
Your uncanny sense of smell can sniff out nearby items.


Message History

You see here 73 poisoned needles.
You see here 73 poisoned needles.
You start resting.
You feel sick. x4
You are no longer poisoned.
You start resting.
A worm appears from thin air!
The worm bites you!
* * * LOW HITPOINT WARNING * * *
You hit the worm.
The worm is moderately wounded.
You hit the worm.
The worm is severely wounded.
The worm bites you!
* * * LOW HITPOINT WARNING * * *
You hit the worm.
The worm is severely wounded.
You barely miss the worm.
The worm is severely wounded.
The worm bites you!
You die...

#############
#..........(#
#...........#
#....w@.....#
#........<..#
#...........#
#...........#
#...........#
#####+#######


You could see a worm.

Vanquished Creatures
  An orc priest (D:2)
  An ooze (D:2)
  An adder skeleton (D:3)
  A dart slug (D:1)
  6 leopard geckos
  5 orcs
  2 ball pythons
  2 giant cockroaches
  8 goblins
  5 hobgoblins
  7 jackals
  7 bats
  4 frilled lizards
  5 kobolds
  6 rats
61 creatures vanquished.

Notes
Turn   | Place    | Note
-------+----------+-------------------------------------------
     0 | D:1      | pasperui the Gnoll Reaver began the quest for the Orb.
     0 | D:1      | Reached XP level 1. HP: 23/23 MP: 6/6
    92 | D:1      | Reached XP level 2. HP: 20/29 MP: 7/7
   233 | D:1      | Reached XP level 3. HP: 35/35 MP: 9/9
   236 | D:1      | Reached * piety under Vehumet
   236 | D:1      | Offered knowledge of Freeze by Vehumet.
   236 | D:1      | Reached skill level 5 in Spellcasting
   591 | D:2      | Reached skill level 1 in Invocations
   737 | D:2      | Reached skill level 1 in Short Blades
   737 | D:2      | Reached skill level 1 in Axes
   737 | D:2      | Reached skill level 1 in Maces & Flails
   737 | D:2      | Reached skill level 1 in Polearms
   737 | D:2      | Reached skill level 1 in Staves
   737 | D:2      | Reached skill level 1 in Slings
   737 | D:2      | Reached skill level 1 in Bows
   737 | D:2      | Reached skill level 1 in Crossbows
   737 | D:2      | Reached skill level 1 in Throwing
   737 | D:2      | Reached skill level 1 in Armour
   737 | D:2      | Reached skill level 1 in Stealth
   737 | D:2      | Reached skill level 1 in Shields
   737 | D:2      | Reached skill level 1 in Unarmed Combat
   737 | D:2      | Reached skill level 1 in Evocations
   777 | D:2      | Reached XP level 4. HP: 41/41 MP: 11/11
   788 | D:2      | Offered knowledge of Shock by Vehumet.
   791 | D:2      | Learned a level 1 spell: Shock
   983 | D:2      | Reached ** piety under Vehumet
  1040 | D:2      | Reached skill level 1 in Conjurations
  1040 | D:2      | Reached skill level 1 in Hexes
  1040 | D:2      | Reached skill level 1 in Charms
  1040 | D:2      | Reached skill level 1 in Summonings
  1040 | D:2      | Reached skill level 1 in Necromancy
  1040 | D:2      | Reached skill level 1 in Translocations
  1040 | D:2      | Reached skill level 1 in Transmutations
  1040 | D:2      | Reached skill level 1 in Fire Magic
  1040 | D:2      | Reached skill level 1 in Ice Magic
  1040 | D:2      | Reached skill level 1 in Air Magic
  1040 | D:2      | Reached skill level 1 in Earth Magic
  1040 | D:2      | Reached skill level 1 in Poison Magic
  1052 | D:2      | HP: 2/41 [orc/+0 flail (3)]
  1224 | D:3      | Reached XP level 5. HP: 9/47 MP: 12/12
  1287 | D:3      | HP: 2/47 [worm (7)]
  1289 | D:3      | Mangled by a worm

Skill      XL: |  1  2  3  4 |
---------------+-------------+-----
Spellcasting   | 5 |  5.1
Invocations    | 1 |  1.4
Short Blades   | 1 |  1.2
Axes           | 1 |  1.2
Maces & Flails | 1 |  1.2
Polearms       | 1 |  1.2
Staves         | 1 |  1.2
Slings         | 1 |  1.2
Bows           | 1 |  1.2
Crossbows      | 1 |  1.2
Throwing       | 1 |  1.2
Armour         | 1 |  1.2
Stealth        | 1 |  1.2
Shields        | 1 |  1.2
Unarmed Combat | 1 |  1.2
Evocations     | 1 |  1.2
Conjurations   | 1 |  1.0
Hexes          | 1 |  1.0
Charms         | 1 |  1.0
Summonings     | 1 |  1.0
Necromancy     | 1 |  1.0
Translocations | 1 |  1.0
Transmutations | 1 |  1.0
Fire Magic     | 1 |  1.0
Ice Magic      | 1 |  1.0
Air Magic      | 1 |  1.0
Earth Magic    | 1 |  1.0
Poison Magic   | 1 |  1.0
Fighting       | |  6.6
Long Blades    | |  6.6
Dodging        | |  6.6

Action                   |  1- 3 |  4- 6 || total
-------------------------+-------+-------++-------
Melee: Long sword        |   122 |    48 ||   170
       Bite              |     8 |     3 ||    11
  Use: Potion            |       |     2 ||     2
 Stab: Invisible         |       |     3 ||     3
       Sleeping          |       |     3 ||     3
  Eat: Chunk             |     2 |     3 ||     5
Armor: Steam dragon scal |    46 |    11 ||    57
Dodge: Dodged            |   115 |    40 ||   155
Block: Other             |    10 |     8 ||    18
